General information
- name: BNet
- type: Ladder team game (AT/RT)
- host: Battle.net
- saver: SlaveMaster
map: Deathknell
- players: 8
- length: 35:38
- speed: Fast
- version: 1.26 W3XP
- replay type: Public
» download(193 KB)
Players
team 1 (loser)
ykcin89 (
red | 42 APM | 833 actions | 19:43)
3 Mountain King
2 Storm Bolt
1 Bash
» actions
| Assign group hotkey | 18 | |
| Build / train | 84 | |
| Enter build submenu | 22 | |
| Enter hero's abilities submenu | 3 | |
| Remove unit from queue | 1 | |
| Right click | 212 | |
| Select / deselect | 196 | |
| Select group hotkey | 247 | |
| Use ability | 49 | |
833 total
» units
| Peasant | 17 | |
| Footman | 17 | |
| Flying Machine | 20 | |
54 total
» upgrades
| Lumber Harvesting | 2 | |
| Flak Cannons | 1 | |
| Flying Machine Bombs | 1 | |
| Plating | 2 | |
| Gunpowder | 2 | |
8 total
» buildings
| Farm | 13 | |
| Altar of Kings | 1 | |
| Barracks | 1 | |
| Lumber Mill | 1 | |
| Town Hall | 2 | |
| Scout Tower | 5 | |
| Keep | 5 | |
| Guard Tower | 7 | |
| Arcane Tower | 2 | |
| Castle | 2 | |
| Blacksmith | 1 | |
| Workshop | 4 | |
| Arcane Vault | 1 | |
45 total
» build order
00:13 Farm
00:16 Altar of Kings
00:47 Barracks
01:00 Farm
01:40 Farm
01:52 Lumber Mill
02:29 Farm
03:36 Town Hall
03:40 Scout Tower
03:44 Scout Tower
03:45 Scout Tower
03:47 Scout Tower
03:55 Farm
04:11 Keep
04:11 Keep
04:11 Keep
05:06 Guard Tower
05:11 Guard Tower
05:12 Guard Tower
05:12 Guard Tower
05:12 Guard Tower
05:23 Guard Tower
05:45 Scout Tower
06:12 Arcane Tower
06:12 Arcane Tower
06:49 Castle
06:49 Castle
07:01 Blacksmith
08:24 Workshop
08:26 Workshop
08:28 Workshop
08:45 Workshop
09:29 Farm
09:30 Farm
09:31 Farm
09:47 Farm
09:48 Farm
12:18 Farm
12:18 Farm
13:24 Farm
13:46 Arcane Vault
14:56 Town Hall
» items
BADFACKER (
blue | 46 APM | 986 actions | 21:27)
4 Death Knight
2 Death Coil
2 Unholy Aura
» actions
| Assign group hotkey | 49 | |
| Build / train | 56 | |
| Enter build submenu | 15 | |
| Enter hero's abilities submenu | 4 | |
| Give item / drop item | 2 | |
| Remove unit from queue | 1 | |
| Right click | 448 | |
| Select / deselect | 174 | |
| Select group hotkey | 201 | |
| Use ability | 36 | |
986 total
» units
| Acolyte | 5 | |
| Ghoul | 4 | |
| Crypt Fiend | 16 | |
| Frost Wyrm | 4 | |
| Siege Engine | 1 | |
30 total
» upgrades
| Creature Carapace | 2 | |
| Creature Attack | 2 | |
| Web | 1 | |
| Barrage | 1 | |
6 total
» buildings
| Crypt | 1 | |
| Altar of Darkness | 1 | |
| Ziggurat | 8 | |
| Graveyard | 1 | |
| Tomb of Relics | 1 | |
| Halls of the Dead | 1 | |
| Spirit Tower | 6 | |
| Nerubian Tower | 1 | |
| Black Citadel | 1 | |
| Sacrificial Pit | 1 | |
| Boneyard | 2 | |
24 total
» build order
00:29 Crypt
00:34 Altar of Darkness
00:37 Ziggurat
01:00 Graveyard
01:23 Ziggurat
02:32 Tomb of Relics
03:04 Halls of the Dead
03:27 Spirit Tower
04:45 Nerubian Tower
04:58 Ziggurat
06:03 Halls of the Dead
07:06 Ziggurat
09:33 Black Citadel
09:39 Sacrificial Pit
09:46 Ziggurat
11:07 Ziggurat
12:44 Boneyard
12:46 Boneyard
12:54 Ziggurat
12:59 Ziggurat
13:35 Spirit Tower
13:39 Spirit Tower
20:35 Spirit Tower
20:37 Spirit Tower
20:40 Spirit Tower
» items
| Dust of Appearance | 1 | |
| Potion of Healing | 3 | |
| Scroll of Town Portal | 1 | |
5 total
SlaveMaster (
yellow | 88 APM | 3149 actions | 35:38)
10 Archmage
3 Summon Water Elemental
3 Brilliance Aura
1 Mass Teleport
3 Blizzard
» actions
| Assign group hotkey | 107 | |
| Basic commands | 149 | |
| Build / train | 165 | |
| Enter build submenu | 63 | |
| Enter hero's abilities submenu | 10 | |
| Give item / drop item | 18 | |
| Remove unit from queue | 2 | |
| Right click | 1008 | |
| Select / deselect | 438 | |
| Select group hotkey | 928 | |
| Use ability | 261 | |
3149 total
» units
| Peasant | 18 | |
| Footman | 11 | |
| Goblin Shredder | 2 | |
| Dragonhawk Rider | 10 | |
| Goblin Zeppelin | 4 | |
| Goblin Sapper | 6 | |
| Gryphon Rider | 3 | |
54 total
» upgrades
| Masonry | 4 | |
| Swords | 3 | |
| Armor | 3 | |
| Lumber Harvesting | 1 | |
| Cloud | 1 | |
| Animal War Training | 1 | |
| Defend | 1 | |
| Storm Hammers | 1 | |
15 total
» buildings
| Barracks | 1 | |
| Altar of Kings | 1 | |
| Farm | 13 | |
| Lumber Mill | 1 | |
| Arcane Vault | 1 | |
| Scout Tower | 36 | |
| Town Hall | 5 | |
| Arcane Tower | 3 | |
| Keep | 4 | |
| Guard Tower | 43 | |
| Blacksmith | 1 | |
| Castle | 3 | |
| Gryphon Aviary | 4 | |
116 total
» build order
00:37 Barracks
00:41 Altar of Kings
00:52 Farm
01:22 Farm
01:38 Lumber Mill
01:50 Farm
02:02 Arcane Vault
02:37 Farm
04:17 Scout Tower
04:26 Town Hall
04:37 Arcane Tower
04:38 Arcane Tower
04:38 Arcane Tower
05:45 Scout Tower
06:16 Keep
06:16 Keep
06:21 Guard Tower
06:21 Guard Tower
06:58 Scout Tower
06:59 Scout Tower
07:02 Scout Tower
07:03 Scout Tower
07:06 Scout Tower
07:07 Scout Tower
07:10 Scout Tower
07:31 Guard Tower
07:32 Guard Tower
07:32 Guard Tower
07:43 Blacksmith
07:50 Guard Tower
07:50 Guard Tower
08:10 Scout Tower
08:11 Scout Tower
08:42 Guard Tower
08:43 Guard Tower
09:00 Guard Tower
09:00 Guard Tower
09:26 Scout Tower
09:27 Scout Tower
09:28 Scout Tower
09:30 Scout Tower
10:03 Guard Tower
10:03 Guard Tower
10:04 Guard Tower
10:25 Castle
10:25 Castle
10:26 Castle
12:07 Gryphon Aviary
12:07 Gryphon Aviary
12:39 Scout Tower
12:40 Scout Tower
12:59 Scout Tower
13:01 Scout Tower
13:04 Guard Tower
13:04 Guard Tower
13:28 Guard Tower
13:29 Guard Tower
13:29 Guard Tower
13:30 Guard Tower
13:30 Guard Tower
13:31 Guard Tower
13:41 Farm
13:44 Guard Tower
14:57 Guard Tower
14:58 Guard Tower
15:01 Scout Tower
15:02 Scout Tower
15:04 Scout Tower
16:34 Farm
16:35 Farm
18:42 Town Hall
18:44 Scout Tower
18:45 Scout Tower
18:47 Scout Tower
18:48 Scout Tower
18:49 Scout Tower
18:50 Scout Tower
18:52 Farm
18:53 Farm
18:55 Farm
19:12 Town Hall
19:14 Scout Tower
19:15 Scout Tower
19:16 Scout Tower
19:17 Scout Tower
19:17 Scout Tower
19:18 Scout Tower
19:20 Scout Tower
19:21 Scout Tower
19:26 Guard Tower
19:52 Guard Tower
19:52 Guard Tower
20:03 Guard Tower
20:13 Guard Tower
20:13 Guard Tower
20:13 Guard Tower
22:55 Gryphon Aviary
22:56 Gryphon Aviary
26:25 Farm
26:27 Farm
26:29 Farm
27:50 Town Hall
28:05 Town Hall
» items
| Scroll of Regeneration | 7 | |
| Orb of Corruption | 1 | |
| Scroll of Healing | 1 | |
| Scroll of Town Portal | 2 | |
| Staff of Sanctuary | 1 | |
12 total

»
DarkMen (
green | 21 APM | 758 actions | 35:38)
2 Dreadlord
1 Sleep
1 Vampiric Aura
1 Crypt Lord
1 Carrion Beetles
» actions
| Basic commands | 24 | |
| Build / train | 85 | |
| Enter build submenu | 26 | |
| Enter hero's abilities submenu | 3 | |
| Remove unit from queue | 7 | |
| Right click | 315 | |
| Select / deselect | 272 | |
| Use ability | 26 | |
758 total
» units
| Acolyte | 8 | |
| Ghoul | 60 | |
| Crypt Fiend | 3 | |
71 total
» buildings
| Altar of Darkness | 2 | |
| Ziggurat | 8 | |
| Crypt | 3 | |
| Graveyard | 2 | |
| Halls of the Dead | 1 | |
| Nerubian Tower | 1 | |
| Tomb of Relics | 1 | |
| Necropolis | 2 | |
| Town Hall | 1 | |
21 total
» build order
00:14 Altar of Darkness
00:22 Ziggurat
00:42 Crypt
01:08 Ziggurat
01:23 Graveyard
03:01 Halls of the Dead
04:15 Nerubian Tower
05:16 Tomb of Relics
06:36 Necropolis
07:53 Ziggurat
07:55 Ziggurat
07:57 Ziggurat
14:49 Crypt
16:10 Necropolis
16:14 Crypt
16:34 Ziggurat
17:08 Ziggurat
20:11 Graveyard
21:10 Altar of Darkness
21:48 Town Hall
22:33 Ziggurat
team 2 (winner)
I_Wana_Go_Home (
purple | 44 APM | 611 actions | 13:58)
4 Blood Mage
2 Flame Strike
2 Siphon Mana
4 Archmage
2 Blizzard
2 Brilliance Aura
» actions
| Basic commands | 18 | |
| Build / train | 50 | |
| Enter build submenu | 19 | |
| Enter hero's abilities submenu | 8 | |
| Give item / drop item | 2 | |
| Right click | 292 | |
| Select / deselect | 176 | |
| Use ability | 46 | |
611 total
» units
| Peasant | 10 | |
| Spell Breaker | 10 | |
| Priest | 5 | |
25 total
» upgrades
| Plating | 3 | |
| Lumber Harvesting | 1 | |
| Swords | 3 | |
| Priest Training | 2 | |
| Control Magic | 1 | |
10 total
» buildings
| Altar of Kings | 1 | |
| Farm | 12 | |
| Lumber Mill | 1 | |
| Keep | 1 | |
| Arcane Vault | 1 | |
| Blacksmith | 1 | |
| Arcane Sanctum | 2 | |
| Castle | 3 | |
22 total
» build order
00:25 Altar of Kings
00:42 Farm
01:11 Farm
02:10 Lumber Mill
02:13 Keep
02:21 Farm
02:32 Arcane Vault
02:36 Blacksmith
03:03 Farm
03:42 Farm
04:25 Farm
04:39 Farm
05:20 Arcane Sanctum
05:27 Arcane Sanctum
05:34 Farm
06:20 Farm
07:02 Farm
07:50 Farm
08:22 Castle
08:23 Castle
09:10 Farm
DippyWhiteNose (
orange | 53 APM | 1841 actions | 34:40)
9 Blademaster
3 Wind Walk
2 Critical Strike
1 Bladestorm
3 Mirror Image
» actions
| Assign group hotkey | 53 | |
| Basic commands | 92 | |
| Build / train | 72 | |
| Enter build submenu | 42 | |
| Enter hero's abilities submenu | 8 | |
| Give item / drop item | 10 | |
| Remove unit from queue | 10 | |
| Right click | 746 | |
| Select / deselect | 366 | |
| Select group hotkey | 234 | |
| Use ability | 208 | |
1841 total
» units
| Peon | 9 | |
| Grunt | 7 | |
| Goblin Shredder | 1 | |
| Goblin Sapper | 4 | |
| Troll Batrider | 6 | |
27 total
» upgrades
| Reinforced Defenses | 1 | |
| Liquid Fire | 1 | |
| Troll Regeneration | 1 | |
| Ranged Weapons | 3 | |
| Armor | 3 | |
9 total
» buildings
| Orc Burrow | 3 | |
| Altar of Storms | 1 | |
| Barracks | 1 | |
| Voodoo Lounge | 1 | |
| Stronghold | 1 | |
| War Mill | 3 | |
| Great Hall | 2 | |
| Fortress | 1 | |
| Watch Tower | 26 | |
| Spirit Lodge | 1 | |
| Beastiary | 5 | |
45 total
» build order
00:13 Orc Burrow
01:01 Altar of Storms
01:03 Barracks
01:07 Orc Burrow
01:38 Voodoo Lounge
02:52 Stronghold
04:03 War Mill
04:14 Orc Burrow
05:01 Great Hall
06:25 Fortress
06:57 Watch Tower
06:57 Watch Tower
06:58 Watch Tower
07:39 Watch Tower
07:40 Watch Tower
07:43 Watch Tower
07:46 Watch Tower
09:38 Watch Tower
09:39 Watch Tower
09:40 Watch Tower
11:07 Spirit Lodge
11:16 Beastiary
11:17 Beastiary
11:19 Beastiary
11:23 Beastiary
11:25 Beastiary
11:29 War Mill
11:33 War Mill
11:38 Watch Tower
11:39 Watch Tower
11:53 Watch Tower
11:55 Watch Tower
11:56 Watch Tower
12:00 Watch Tower
16:33 Watch Tower
16:33 Watch Tower
16:33 Watch Tower
16:36 Watch Tower
16:38 Watch Tower
23:05 Great Hall
23:08 Watch Tower
23:08 Watch Tower
23:08 Watch Tower
23:09 Watch Tower
» items
| Healing Salve | 6 | |
| Mechanical Critter | 3 | |
| Scroll of Regeneration | 2 | |
| Scroll of Town Portal | 4 | |
| Lesser Clarity Potion | 2 | |
| Potion of Mana | 2 | |
| Potion of Healing | 2 | |
| Orb of Lightning | 1 | |
22 total
DRACULA.SON (
pink | 52 APM | 1855 actions | 35:38)
5 Blademaster
3 Wind Walk
2 Critical Strike
3 Shadow Hunter
1 Hex
2 Healing Wave
1 Archmage
1 Summon Water Elemental
» actions
| Assign group hotkey | 40 | |
| Basic commands | 21 | |
| Build / train | 60 | |
| Enter build submenu | 24 | |
| Enter hero's abilities submenu | 9 | |
| Give item / drop item | 6 | |
| Right click | 736 | |
| Select / deselect | 262 | |
| Select group hotkey | 590 | |
| Use ability | 107 | |
1855 total
» units
| Peon | 9 | |
| Goblin Shredder | 2 | |
| Wind Rider | 6 | |
| Troll Batrider | 7 | |
| Goblin Zeppelin | 3 | |
27 total
» upgrades
| Reinforced Defenses | 1 | |
| Envenomed Spears | 1 | |
| Ranged Weapons | 3 | |
| Armor | 3 | |
| Liquid Fire | 1 | |
9 total
» buildings
| Altar of Storms | 1 | |
| Orc Burrow | 6 | |
| War Mill | 1 | |
| Voodoo Lounge | 1 | |
| Watch Tower | 21 | |
| Stronghold | 1 | |
| Fortress | 2 | |
| Beastiary | 4 | |
37 total
» build order
00:11 Altar of Storms
00:20 Orc Burrow
00:42 War Mill
01:08 Voodoo Lounge
02:12 Watch Tower
02:15 Watch Tower
02:34 Watch Tower
03:41 Stronghold
03:44 Orc Burrow
03:49 Watch Tower
04:39 Watch Tower
04:51 Orc Burrow
06:02 Fortress
06:03 Fortress
06:06 Beastiary
06:09 Beastiary
06:44 Beastiary
08:53 Orc Burrow
11:12 Watch Tower
11:12 Watch Tower
11:13 Watch Tower
11:13 Watch Tower
11:20 Watch Tower
11:20 Watch Tower
11:20 Watch Tower
11:21 Watch Tower
11:23 Watch Tower
12:25 Beastiary
13:15 Orc Burrow
14:07 Watch Tower
14:07 Watch Tower
14:08 Watch Tower
14:08 Watch Tower
14:45 Orc Burrow
15:38 Watch Tower
15:39 Watch Tower
16:52 Watch Tower
» items
| Healing Salve | 2 | |
| Lesser Clarity Potion | 2 | |
| Scroll of Town Portal | 2 | |
| Tiny Great Hall | 1 | |
| Orb of Lightning | 1 | |
8 total

»
unkspecter1997 (
teal | 30 APM | 1059 actions | 35:38)
4 Blademaster
2 Wind Walk
2 Critical Strike
» actions
| Assign group hotkey | 15 | |
| Basic commands | 80 | |
| Build / train | 64 | |
| ESC pressed | 1 | |
| Enter build submenu | 26 | |
| Enter hero's abilities submenu | 4 | |
| Give item / drop item | 1 | |
| Right click | 235 | |
| Select / deselect | 271 | |
| Select group hotkey | 298 | |
| Use ability | 64 | |
1059 total
» units
| Peon | 8 | |
| Wind Rider | 7 | |
| Priest | 5 | |
| Knight | 3 | |
| Flying Machine | 8 | |
| Peasant | 8 | |
39 total
» upgrades
| Ranged Weapons | 2 | |
| Armor | 1 | |
| Lumber Harvesting | 1 | |
| Magic Sentry | 1 | |
| Reinforced Defenses | 1 | |
| Animal War Training | 1 | |
| Masonry | 1 | |
| Flying Machine Bombs | 1 | |
| Flak Cannons | 1 | |
10 total
» buildings
| Orc Burrow | 10 | |
| Altar of Storms | 1 | |
| Barracks | 3 | |
| War Mill | 1 | |
| Voodoo Lounge | 1 | |
| Stronghold | 1 | |
| Watch Tower | 6 | |
| Beastiary | 2 | |
| Fortress | 1 | |
| Workshop | 1 | |
| Town Hall | 1 | |
28 total
» build order
00:18 Orc Burrow
00:31 Altar of Storms
00:51 Barracks
01:15 War Mill
02:17 Voodoo Lounge
02:36 Orc Burrow
02:43 Orc Burrow
03:14 Stronghold
03:39 Orc Burrow
05:02 Orc Burrow
05:21 Watch Tower
05:56 Beastiary
05:57 Beastiary
06:12 Watch Tower
07:16 Watch Tower
11:40 Orc Burrow
11:47 Orc Burrow
12:38 Watch Tower
12:43 Fortress
13:33 Watch Tower
17:35 Orc Burrow
17:37 Orc Burrow
18:16 Barracks
18:18 Barracks
19:07 Orc Burrow
19:10 Watch Tower
23:08 Workshop
23:50 Town Hall
» items
| Healing Salve | 2 | |
| Lesser Clarity Potion | 1 | |
| Scroll of Town Portal | 2 | |
| Potion of Healing | 1 | |
| Potion of Mana | 1 | |
| Orb of Fire | 1 | |
8 total
Chat log
(00:20 / All) SlaveMaster: teal ae you born in 1997
(03:56 / Allies) SlaveMaster: \4
(04:03 / All) SlaveMaster: level 1 harassing retard
(04:21 / All) unkspecter1997: your mom
(04:40 / All) SlaveMaster: born 1997 alright
(04:49 / All) unkspecter1997: nah
(04:57 / All) SlaveMaster: lmao
(05:01 / All) SlaveMaster: tp on level 1 hero
(05:06 / All) unkspecter1997: yea
(05:08 / All) SlaveMaster: lmfao
(05:14 / All) unkspecter1997: lololololol
(05:23 / All) SlaveMaster: you are trash\
(05:34 / Allies) ykcin89: blue expo
(05:43 / All) unkspecter1997: so's your mom
(05:51 / Allies) BADFACKER: was fightn off orc
(06:02 / All) SlaveMaster: good one, come up with it youself?
(06:02 / Allies) DarkMen: item yellopw
(06:07 / All) unkspecter1997: yea
(06:10 / Allies) SlaveMaster: if you give me back the XP you stole earlier
(06:19 / Allies) DarkMen: yellow 1 item o is war
(06:26 / Allies) SlaveMaster: stfu, you leeched my xp
(06:38 / Allies) SlaveMaster: also you don't have melee, dumb fiendbot\\
(06:43 / Allies) DarkMen: yellow 1 item o war
(06:44 / Allies) SlaveMaster: vampiric aura and +1 armour items suck anyway
(06:50 / Allies) SlaveMaster: I sold them
(06:54 / Allies) DarkMen: aura paladin
(07:06 / Allies) DarkMen: yellow bye
(07:14 / All) SlaveMaster: I think green is special ed like teal
(07:34 / All) unkspecter1997: thats not something to joke about
(07:38 / All) unkspecter1997: what a douche
(07:46 / Allies) DarkMen: bye yellow
(07:57 / All) SlaveMaster: green tk lol\\
(07:57 / Allies) ykcin89: blue kill htere expos
(08:06 / All) SlaveMaster: pathetic
(08:19 / Allies) DarkMen: bye
(08:24 / Allies) SlaveMaster: out green\
(08:33 / Allies) SlaveMaster: dumb fail tk bitch
(08:39 / Allies) DarkMen: no yellow
(08:44 / Allies) DarkMen: bye
(08:54 / All) SlaveMaster: Green is retard tk noob
(08:57 / All) SlaveMaster: on par with teal\
(09:21 / Allies) DarkMen: bye yellow
(09:38 / All) DarkMen: 5 vs 3
(09:47 / All) DarkMen: green is friend
(09:50 / All) SlaveMaster: Green is a retarded fiendbot who tks when I sell a +1 prot item
(10:10 / All) DarkMen: no
(10:30 / All) DarkMen: yellow is my enemy
(10:35 / All) DarkMen: bye yeelow
(10:50 / All) SlaveMaster: you did no damage all game
(10:51 / All) SlaveMaster: to me
(10:53 / All) SlaveMaster: fail tk retard
(10:57 / All) DippyWhiteNose: awesome pathfinding
(11:22 / All) DarkMen: no
(11:24 / All) DarkMen: help
(11:30 / All) SlaveMaster: cuz you are a retard tk
(11:31 / All) DarkMen: yellow is bad
(11:44 / All) SlaveMaster: says the crybaby fiendbot who tks over not getting a plus one prot item LOOL
(11:49 / All) SlaveMaster: and then fail tks
(11:56 / All) DarkMen: fuck yellow
(11:59 / All) DarkMen: jajaja
(12:01 / All) DarkMen: idiot
(12:03 / All) SlaveMaster: oh a spic
(12:04 / All) SlaveMaster: retad br
(12:59 / All) unkspecter1997: coming
(13:09 / All) DRACULA.SON: greenr eally sucks lol
(13:10 / Allies) ykcin89: dafuq is happening
(13:20 / Allies) SlaveMaster: jesus christ man no arcane vault?
(13:21 / Allies) SlaveMaster: red
(13:30 / All) DarkMen: blue dragon bones
(13:34 / All) DarkMen: red elises
(13:47 / All) DarkMen: yelllow hyppos
(13:58 / All) DRACULA.SON: ghey
(14:20 / All) DarkMen: green help purple
(14:23 / All) DarkMen: jajaja
(14:28 / All) SlaveMaster: lol
(14:33 / Allies) ykcin89: yellow 4k gold
(14:36 / Allies) ykcin89: ffs
(14:39 / Allies) SlaveMaster: stfu]
(16:19 / Allies) SlaveMaster: wtf you doing red
(16:21 / Allies) SlaveMaster: moron
(16:21 / All) DarkMen: green is fried
(16:28 / All) DarkMen: of prple
(16:30 / Allies) ykcin89: nigga u got 5k gold
(16:31 / Allies) ykcin89: stfu
(16:37 / All) SlaveMaster: lol
(16:40 / All) SlaveMaster: retard is retaded too
(16:51 / All) DarkMen: fuck yellow
(16:54 / All) SlaveMaster: me having 4k gold is good reason to go jerk off rathe than hit teal
(17:08 / All) DRACULA.SON: nigga we had it
(18:57 / Allies) BADFACKER: go hit them red
(19:05 / Allies) SlaveMaster: red is a retard noob like green
(19:11 / Allies) ykcin89: lol
(19:15 / All) DarkMen: jaja
(19:18 / All) DarkMen: fuck yellow
(19:46 / All) DippyWhiteNose: LOL
(20:05 / All) SlaveMaster: I got a noob team
(20:15 / All) DippyWhiteNose: I jumped from level 5 to 8
(20:17 / All) DarkMen: yellow is idiot
(20:18 / All) DippyWhiteNose: when jake batted
(20:21 / All) DarkMen: x 1 item
(20:23 / All) DarkMen: we lost
(20:39 / All) SlaveMaster: green is so stupid, he values a +1 prot aura item enough to tk ove it
(20:45 / All) SlaveMaster: not even kidding
(20:50 / All) DarkMen: yellow i fuck your mother
(20:54 / All) DarkMen: jadido marica
(21:05 / All) SlaveMaster: I'm not american
(21:14 / All) SlaveMaster: if I was it would be way better than being a hue monkey, any day
(21:26 / All) SlaveMaster: Teal is a great player lol
(21:31 / All) SlaveMaster: bm harasses at level 1 and tps it
(21:39 / All) SlaveMaster: 1997 kid playing war3 4v4
(22:25 / All) unkspecter1997: lol
(22:28 / All) DRACULA.SON: pretty sure yellow got the better of green
(22:46 / All) SlaveMaster: ready to get power fucked, teal?
(22:47 / All) DippyWhiteNose: leave green
(22:52 / All) DippyWhiteNose: you nigger loving cuck fetishist
(22:56 / All) DippyWhiteNose: pathetic, real pathetic
(23:33 / All) SlaveMaster: how much gold you got to rebuild
(23:38 / All) SlaveMaster: I have 20k
(23:40 / All) unkspecter1997: alot
(23:44 / All) SlaveMaster: nope
(23:46 / All) SlaveMaster: 213 and 0 food
(23:55 / All) SlaveMaster: finish red
(24:00 / All) SlaveMaster: the dumb hue spic trying to tk still
(24:03 / All) DRACULA.SON: yellow got the final word vs green
(24:07 / All) DRACULA.SON: green was terrible lol
(24:56 / All) SlaveMaster: didn't even notice those ghouls thought you pricks killed green
(25:15 / All) DarkMen: oj yellow hyppos
(25:30 / All) SlaveMaster: out
(25:31 / All) SlaveMaster: lol
(25:56 / All) DippyWhiteNose: where da ghooz
(26:05 / All) unkspecter1997: not me
(27:02 / All) SlaveMaster: lol
(27:16 / All) DarkMen: jaja
(27:22 / All) DarkMen: bye yellow
(27:27 / All) DarkMen: 3 vs 1
(27:28 / All) DarkMen: jaja
(27:29 / All) DRACULA.SON: green is eating crow pie
(27:36 / All) DRACULA.SON: yellow just did a 1v2 lol
(28:29 / All) DRACULA.SON: green be dead
(28:50 / All) SlaveMaster: Not sure this tard will stay for standoff
(28:50 / All) DarkMen: jaja
(28:57 / All) SlaveMaster: since he's a brasil
(29:02 / All) DarkMen: yellow lost with me
(29:06 / All) SlaveMaster: think the kid will stay to fight the spic?
(29:18 / All) SlaveMaster: 1997 millenial vs huemonkey
(29:37 / All) DRACULA.SON: teal vs green, whoever keeps their computer on longer wins!
(29:44 / All) DarkMen: go yellow you can
(29:47 / All) DarkMen: jajaja
(29:49 / All) DarkMen: idiot
(30:07 / All) unkspecter1997: yellow gay
(30:16 / All) DarkMen: yes yellow gay
(30:22 / All) SlaveMaster: red retard, teal retard green retad
(30:28 / All) SlaveMaster: and I'm the tard wrangler
(30:36 / All) DRACULA.SON: watch me rape yellow now
(30:37 / All) unkspecter1997: yellow just mad bc hes gay
(30:38 / All) DRACULA.SON: he sucks
(30:42 / All) DRACULA.SON: tell me what he has green
(30:51 / All) DarkMen: yellow we lost por un item maldito aperrado
(31:04 / All) DRACULA.SON: wow
(31:07 / All) SlaveMaster: retard pink too
(31:13 / All) DRACULA.SON: mh?
(31:35 / All) DarkMen: go pink go orange your can
(31:52 / All) SlaveMaster: Alright teal and green listen up
(31:55 / All) DRACULA.SON: he just owned my army
(31:57 / All) SlaveMaster: Me, orange and pink were in this togethe
(32:04 / All) SlaveMaster: and we're going to kill eveythinhg including our own units
(32:09 / All) SlaveMaster: we're going to make a mexican standoff
(32:16 / All) SlaveMaster: and you'll both only be able to stare each other down
(32:18 / All) unkspecter1997: lol alright
(32:23 / All) SlaveMaster: last one to leave leaves victorious, no units only buildings
(32:26 / All) SlaveMaster: sound fair?
(32:31 / All) SlaveMaster: will you both leave your pcs on all night for the win?
(32:37 / All) DRACULA.SON: we'll leave some zepplins
(33:11 / All) DarkMen: lol
(33:18 / All) DarkMen: jajaja
(33:23 / All) unkspecter1997: can i get my hero back?
(33:25 / All) DarkMen: jaja
(33:35 / All) SlaveMaster: no
(33:38 / All) SlaveMaster: I told you, moron
(33:39 / All) unkspecter1997: fuck...
(33:39 / All) SlaveMaster: no units
(33:46 / All) SlaveMaster: only buildings
(33:55 / All) DRACULA.SON: u can do it teal
(33:57 / All) DRACULA.SON: u can beat
(33:59 / All) DRACULA.SON: green
(34:02 / All) DRACULA.SON: for the championship
(34:06 / All) DarkMen: no
(34:16 / All) SlaveMaster: he's a dumb spic your 1997 self can probably beat him
(34:23 / All) DRACULA.SON: dont let the treacherous worm green win this
(34:24 / All) unkspecter1997: with a barracks, altar, and war mill ;p;?
(34:29 / All) DippyWhiteNose: good luck gents
(34:38 / All) DippyWhiteNose: I wish you both a nice night
(35:08 / All) DRACULA.SON: ill whisper u tomorrow if game is still going
(35:37 / All) SlaveMaster: gl